Map: Prion Terraces

Players

Zeratul

  • Race: Terran Terran
  • League: Master

Miszu - Winner!

  • Race: Terran Terran
  • League: Master

VOD

Have the link to the VOD?

Description

Time

  • Played on: March 8, 2016, 1:47 p.m.
  • Length: 6:32
Show
View Real Time Build Order
Export as new Build Order

Zeratul Terran 

Build Orders: Liberator Opening 

Get SALT Encoding   

  12  0:01  SCV  
  13  0:13  SCV  
  14  0:17  Supply Depot  
  14  0:25  SCV  
  15  0:39  SCV  
  15  0:40  Barracks  
  16  0:44  Refinery  
  16  0:51  SCV  
  17  0:57  Refinery  
  17  1:03  SCV  
  18  1:15  SCV  
  19  1:27  Reaper  
  19  1:28  Orbital Command  
  19  1:30  Supply Depot  
  20  1:49  Factory  
  20  1:55  SCV  
  20  2:00  Supply Depot, Reaper  
  22  2:07  SCV  
  23  2:21  Bunker  
  23  2:22  Bunker  
  23  2:32  Reaper  
  23  2:47  Widow Mine  
  25  3:04  Reaper  
  26  3:14  Supply Depot x2  
  26  3:15  Starport  
  25  3:25  Widow Mine  
  18  3:37  Liberator  
  15  3:50  SCV  
  19  4:02  Widow Mine  
  20  4:11  Barracks  
  13  5:01  Widow Mine  
  14  5:56  Orbital Command  
Show
View Real Time Build Order
Export as new Build Order

Miszu Terran - Winner!

Build Orders:  

Get SALT Encoding   

  12  0:00  SCV  
  13  0:13  SCV  
  14  0:18  Supply Depot  
  14  0:25  SCV  
  15  0:29  Refinery  
  16  0:46  Barracks  
  15  0:59  Barracks  
  15  1:05  SCV  
  16  1:17  SCV  
  17  1:35  Orbital Command  
  17  1:38  Barracks Tech Lab  
  17  1:46  Supply Depot, Barracks Tech Lab  
  17  1:56  Concussive Shells  
  17  1:57  Marauder  
  17  2:00  SCV  
  20  2:09  Marauder  
  22  2:18  Marauder  
  24  2:24  Supply Depot  
  24  2:27  Refinery  
  24  2:33  Marauder  
  25  2:46  Marauder  
  26  2:53  SCV  
  26  2:54  Marauder  
  29  3:08  Marauder  
  29  3:10  SCV  
  32  3:16  Marauder  
  34  3:38  Marauder x2, SCV  
  37  3:48  Factory  
  37  3:56  SCV  
  38  4:16  Marauder  
  38  4:17  Marauder, SCV  
  39  4:34  Factory Tech Lab  
  39  4:36  Supply Depot  
  39  5:01  Marauder  
  39  5:02  Marauder, SCV  
  39  5:03  Cyclone  
  39  5:05  Starport  
  47  5:14  SCV  
  46  5:26  SCV  
  47  5:29  Marauder  
  47  5:31  Marauder  
  49  5:48  SCV  
  50  5:50  Marauder  
  50  5:53  Marauder  
  48  6:09  Supply Depot  
  49  6:11  Marauder  
  49  6:14  SCV  
Tags
 
Add a new tag
Caveats
  • Supply blocks, unpowered buildings, or Contaminate may cause inaccurate times.
  • Supply counts are checked every 10 seconds.